 Dungeon Crawl Stone Soup version 0.20.0-1-g1cb1d84 (webtiles) character file.

414 straycat the Nimble (level 6, -5/48 HPs)
             Began as a Vampire Wanderer on May 26, 2017.
             Was an Initiate of Sif Muna.
             Killed by divine providence
             ... invoked by an orc priest
              (10 damage)
             ... on level 4 of the Dungeon.
             The game lasted 00:59:28 (5193 turns).

straycat the Nimble (Vampire Wanderer)              Turns: 5193, Time: 00:59:29

Health: -5/48      AC: 10    Str: 12    XL:     6   Next: 60%
Magic:  6/6        EV: 16    Int: 13    God:    Sif Muna [......]
Gold:   125        SH:  3    Dex: 16    Spells: 5/5 levels left

rFire    . . .     SeeInvis +   E - +0 scimitar
rCold    . . .     Gourm    .   (no shield)
rNeg     + . .     Faith    .   r - +0 ring mail
rPois    .         Spirit   .   o - +2 helmet
rElec    .         Reflect  +   D - +0 cloak
rCorr    .         Harm     .   (no gloves)
MR       .....                  q - +0 pair of boots
Stlth    ++........             G - +3 amulet of reflection
Regen    0.2/turn               (no ring)
MPRegen  0.1/turn               (no ring)

@: about to teleport
A: fangs 3, see invisible, unbreathing
a: Bat Form, Renounce Religion


You were on level 4 of the Dungeon.
You worshipped Sif Muna.
Sif Muna was noncommittal.
You were not thirsty.

You visited 2 branches of the dungeon, and saw 5 of its levels.

You collected 125 gold pieces.

Inventory:

Hand Weapons
 g - a +0 hunting sling
 h - a +3 short sword
 k - a +0 whip
 l - a +1 hand axe of freezing
 u - a +0 trident
 w - a +0 rapier
 y - a +0 falchion
 B - a +1 dagger of venom
 C - a +4 quarterstaff of chaos
 E - a +0 scimitar (weapon)
Missiles
 b - 22 bolts
 d - 23 poisoned needles
 m - 168 stones
 n - 52 arrows
 t - 13 sling bullets
 z - 4 tomahawks (quivered)
Armour
 a - a +2 scale mail
 f - a +0 ring mail
 o - a +2 helmet (worn)
 q - a +0 pair of boots (worn)
 r - a +0 ring mail (worn)
 v - a +0 chain mail
 A - a +0 leather armour
 D - a +0 cloak (worn)
Jewellery
 G - a +3 amulet of reflection (around neck)
 I - an uncursed ring of see invisible
Wands
 i - a wand of polymorph (5/24)
 p - a wand of polymorph (1/24)
Scrolls
 c - a scroll of remove curse
Potions
 e - 23 potions of blood
 s - a potion of resistance {unknown}
 x - 3 potions of ambrosia
 F - a potion of degeneration {unknown}


   Skills:
 * Level 3.9 Fighting
 + Level 1.5(1.8) Short Blades
 * Level 1.1(1.4) Long Blades
 - Level 1.0(1.1) Axes
 - Level 0.4(0.7) Maces & Flails
 - Level 1.2 Throwing
 + Level 1.7 Armour
 * Level 9.8 Dodging
 - Level 3.0 Stealth
 + Level 6.9 Unarmed Combat


You had 5 spell levels left.
You didn't know any spells.

Dungeon Overview and Level Annotations

Branches:
Dungeon (4/15)             Temple (1/1) D:4

Altars:
Ashenzari
Cheibriados
Dithmenos
Elyvilon
Fedhas
Gozag
Hepliaklqana
Makhleb
Nemelex Xobeh
Okawaru
Ru
Sif Muna
Uskayaw
Yredelemnul


Innate Abilities, Weirdness & Mutations

You have razor-sharp teeth.
You have supernaturally acute eyesight. (SInv)
You can survive without breathing.


Message History

* * * LOW HITPOINT WARNING * * *
The giant cockroach barely misses you.
You hit the orc priest.
The orc priest is severely wounded.
The giant cockroach barely misses you.
You riposte.
You hit the giant cockroach.
The giant cockroach is moderately wounded.
The orc priest closely misses you.
You riposte.
You barely miss the orc priest.
The orc priest is severely wounded.
Okay, then.
As you read the scroll of teleportation, it crumbles to dust.
You feel strangely unstable. The giant cockroach bites you.
* * * LOW HITPOINT WARNING * * *
The orc priest invokes the aid of Beogh against you.
You struggle to resist.
The orc priest closely misses you. The giant cockroach bites you.
* * * LOW HITPOINT WARNING * * *
The orc priest calls down the wrath of Beogh upon you.
Beogh smites you!
You die...

... ##... ........ ....#...#
........ ..#.#...# [.......
.......####........
#................
###........#....... #.'..o......#
#.#...s.....# #...@.....#
.##+#.........#
#+#######......>................
...............................#
...............................##
.........######..................
......#### #.........##.......
......# ##### #.........##.......
......# #...# #.........##.......


You could see an orc priest and a giant cockroach.

Vanquished Creatures
  An orc priest (D:3)
  Crazy Yiuf (D:3)
  2 orc wizards (D:3)
  Robin (D:3)
  6 adders
  4 gnolls
  2 oozes
  4 worms
  2 dart slugs
  3 leopard geckos
  10 orcs
  4 bats
  3 giant cockroaches (D:2)
  10 hobgoblins
  11 jackals
  6 kobolds
  3 quokkas (D:3)
  A ball python (D:2)
  6 frilled lizards
  16 goblins
  8 rats
104 creatures vanquished.

Notes
Turn   | Place    | Note
-------+----------+-------------------------------------------
     0 | D:1      | straycat the Vampire Wanderer began the quest for the Orb.
     0 | D:1      | straycat set off with: a +2 scale mail, a +0 short sword, a +0 hand axe, a +0 dagger, a potion of blood
     0 | D:1      | Reached XP level 1. HP: 18/18 MP: 1/1
   241 | D:1      | Reached XP level 2. HP: 25/25 MP: 2/2
   365 | D:1      | Reached skill level 1 in Unarmed Combat
   369 | D:1      | Reached skill level 1 in Dodging
   613 | D:1      | Reached XP level 3. HP: 30/30 MP: 3/3
   869 | D:2      | Reached skill level 2 in Dodging
  1349 | D:2      | Reached skill level 9 in Dodging
  1349 | D:2      | Reached XP level 4. HP: 13/37 MP: 4/4
  1944 | D:2      | Reached XP level 5. HP: 42/42 MP: 5/5
  3088 | D:3      | Noticed Robin
  3091 | D:2      | Reached skill level 1 in Short Blades
  3418 | D:3      | Killed Robin
  3418 | D:3      | Reached XP level 6. HP: 48/48 MP: 6/6
  3599 | D:3      | Found a runed door.
  3788 | D:3      | Noticed Crazy Yiuf
  3812 | D:3      | Killed Crazy Yiuf
  4177 | D:3      | Reached skill level 1 in Long Blades
  4682 | D:4      | Found a staircase to the Ecumenical Temple.
  4766 | D:4      | Found a hazy altar of Hepliaklqana.
  4820 | Temple   | Entered the Ecumenical Temple
  5083 | Temple   | Became a worshipper of Sif Muna the Loreminder
  5193 | D:4      | Killed from afar by an orc priest

Skill      XL: |  1  2  3  4  5  6 |
---------------+-------------------+-----
Unarmed Combat | 1 6 |  6.9
Dodging        | 1 9 |  9.8
Short Blades   | 1 |  1.5
Long Blades    | 1 |  1.1
Fighting       | |  3.9
Axes           | |  1.0
Maces & Flails | |  0.4
Throwing       | |  1.2
Armour         | |  1.7
Stealth        | |  3.0

Action                   |  1- 3 |  4- 6 || total
-------------------------+-------+-------++-------
Melee: Unarmed           |   124 |    16 ||   140
       Bite              |    14 |    26 ||    40
       Punch             |     1 |     5 ||     6
       Rapier            |       |   135 ||   135
       Falchion          |       |    10 ||    10
       Mace              |       |   119 ||   119
       Scimitar          |       |     8 ||     8
Throw: Stone             |    19 |    78 ||    97
       Tomahawk          |       |     4 ||     4
  Use: Potion            |     5 |    14 ||    19
       Scroll            |       |     8 ||     8
 Stab: Sleeping          |       |     1 ||     1
       Confused          |       |     1 ||     1
       Fleeing           |       |     1 ||     1
Armor: Scale mail        |    77 |       ||    77
       Leather armour    |     4 |    14 ||    18
       Ring mail         |       |    85 ||    85
Dodge: Dodged            |    81 |   432 ||   513
       Rpst.: Falchion   |       |     6 ||     6
       Scimitar          |       |     3 ||     3
